 Dungeon Crawl Stone Soup version 0.27.1-1-g398f81649c (webtiles) character file.

Game seed: 10119416831779030081

867 Borgoz the Skirmisher (level 8, 0/51 HPs)
             Began as a Gargoyle Berserker on Sept 19, 2021.
             Was a Believer of Trog.
             Slain by a yak (6 damage)
             ... on level 6 of the Dungeon.
             The game lasted 00:04:31 (4487 turns).

Borgoz the Skirmisher (Gargoyle Berserker)          Turns: 4487, Time: 00:04:31

Health: 0/51       AC: 15    Str: 21    XL:     8   Next: 3%
Magic:  8/8        EV: 11    Int:  8    God:    Trog [**....]
Gold:   199        SH:  0    Dex: 11    Spells: 7/7 levels left

rFire    + . .     SeeInvis .   q - +0 morningstar
rCold    . . .     Faith    .   (no shield)
rNeg     + . .     Spirit   .   a - +4 ring mail of Reinkyte {Will+}
rPois    ∞         Reflect  .   (no helmet)
rElec    +         Harm     .   (no cloak)
rCorr    .         Rampage  .   (no gloves)
Will     +++..                  (no boots)
Stlth    +.........             (no amulet)
HPRegen  1.17/turn              d - ring of protection from fire
MPRegen  0.11/turn              (no ring)

@: strong-willed, on berserk cooldown, regenerating, slowed, very slow
A: sickness immunity, AC +5, negative energy resistance 1, electricity
resistance, torment resistance 1, petrification resistance
a: Renounce Religion, Berserk, Trog's Hand


You were on level 6 of the Dungeon.
You worshipped Trog.
Trog was pleased with you.
You visited 1 branch of the dungeon, and saw 6 of its levels.

You collected 199 gold pieces.

Inventory:

Hand Weapons
 q - a +0 morningstar (weapon)
Armour
 a - the +4 ring mail of Reinkyte (worn) {Will+}
   (You found it on level 4 of the Dungeon)

   Will:      It increases your willpower.
Jewellery
 d - a ring of protection from fire (left hand)
Wands
 j - a wand of digging (1)
 s - a wand of paralysis (11)
 t - a wand of iceblast (6)
Scrolls
 b - a scroll of magic mapping {unknown}
 h - 4 scrolls of identify {unknown}
 l - a scroll of amnesia {unknown}
 m - a scroll of teleportation {unknown}
 r - a scroll of vulnerability {unknown}
Potions
 c - a potion of flight {unknown}
 e - 6 potions of curing {unknown}
 f - 2 potions of haste {unknown}
 g - a potion of attraction {unknown}
 i - a potion of berserk rage {unknown}
 k - a potion of brilliance {unknown}
 n - 2 potions of mutation {unknown}
 o - a potion of cancellation {unknown}
 p - a potion of heal wounds {unknown}


   Skills:
 * Level 6.1 Fighting
 * Level 5.6 Maces & Flails
 * Level 5.5 Armour
 + Level 3.0 Dodging


You had 7 spell levels left.
You didn't know any spells.
Your spell library was empty.

Dungeon Overview and Level Annotations

Branches:
Dungeon (6/15)             Temple (0/1) D:4

Altars:
Ashenzari
Qazlal
Ru


Innate Abilities, Weirdness & Mutations

You are immune to sickness and miasma.
Your stone body is resilient. (AC +5)
You are immune to poison.
You resist negative energy. (rN+)
You are resistant to electric shocks. (rElec)
You are resistant to unholy torment.
You are immune to petrification.


Message History

You kill the gnoll!
Trog accepts your kill.
You are no longer berserk.
You are exhausted.
You feel yourself slow down.
The gnoll sergeant hits you from afar with a +0 trident.
The gnoll hits you but does no damage.
Your Dodging skill increases to level 3!
The gnoll sergeant hits you but does no damage.
The gnoll hits you with a +0 spear. The yak gores you but does no damage.
Things that are here:
a +0 flail; a +0 flail; a gnoll corpse You hit the yak but do no damage.
The gnoll sergeant hits you but does no damage.
The gnoll hits you but does no damage. The yak gores you.
The gnoll sergeant hits you but does no damage.
The yak gores you. The gnoll closely misses you.
You are too injured to fight recklessly!
You are too injured to fight recklessly!
The gnoll sergeant hits you from afar with a +0 trident!
The gnoll completely misses you.
The gnoll sergeant hits you but does no damage.
The gnoll hits you but does no damage. The yak gores you but does no damage.
The yak gores you.
* * * LOW HITPOINT WARNING * * *
An adder comes into view.
The adder hisses angrily.
The yak gores you!
* * * LOW HITPOINT WARNING * * *
There is a stone staircase leading down here.
The gnoll sergeant closely misses you. The yak closely misses you.
You climb downwards.
Found a falchion.
There is a stone staircase leading up here.
Okay, then.
Okay, then.
Your skin crawls.
You feel strong-willed. The yak gores you but does no damage.
The yak gores you.
You die...

#######
#.....#
#...Y@#
#.....#
#.......#
.####....
#....
#....#
#)...#
#....#


You could see a yak.

Vanquished Creatures
  2 yaks (D:5)
  An ogre (D:4)
  A centaur (D:4)
  A bullfrog (D:3)
  A scorpion (D:5)
  Natasha (twice) (D:2)
  Terence (D:2)
  2 orc wizards
  2 gnolls (D:5)
  4 adders
  An ufetubus (D:4)
  2 adder skeletons (D:4)
  2 dart slugs
  9 orcs
  8 ball pythons
  5 bats
  7 endoplasms
  3 giant cockroaches
  8 goblins
  6 hobgoblins
  9 jackals
  6 kobolds
  3 quokkas
  4 frilled lizards
  5 rats
95 creatures vanquished.

Vanquished Creatures (others)
  Natasha (D:2)
1 creature vanquished.

Grand Total: 96 creatures vanquished

Notes
Turn   | Place    | Note
-------+----------+-------------------------------------------
     0 | D:1      | Borgoz the Gargoyle Berserker began the quest for the Orb.
     0 | D:1      | Reached XP level 1. HP: 14/14 MP: 1/1
   153 | D:1      | Reached XP level 2. HP: 17/19 MP: 2/2
   593 | D:1      | Found a faded altar of an unknown god.
   597 | D:1      | Reached XP level 3. HP: 23/24 MP: 3/3
  1117 | D:2      | Noticed Natasha
  1126 | D:2      | Killed Natasha
  1126 | D:2      | Reached ** piety under Trog
  1127 | D:2      | Reached skill level 4 in Fighting
  1127 | D:2      | Reached XP level 4. HP: 24/29 MP: 4/4
  1509 | D:2      | Noticed Natasha
  1518 | D:2      | Killed Natasha
  1624 | D:2      | Noticed Terence
  1630 | D:2      | Killed Terence
  1706 | D:2      | Reached XP level 5. HP: 26/33 MP: 5/5
  1978 | D:2      | Noticed Natasha
  1984 | D:2      | Killed Natasha
  2722 | D:3      | Reached XP level 6. HP: 39/39 MP: 6/6
  2742 | D:3      | Found a broken altar of Ashenzari.
  3409 | D:4      | Identified the +4 ring mail of Reinkyte {Will+}
  3456 | D:4      | Found a staircase to the Ecumenical Temple.
  3510 | D:4      | Reached skill level 5 in Fighting
  3887 | D:4      | Found a stormy altar of Qazlal.
  3899 | D:4      | You fall into a shaft and drop 1 floor!
  3899 | D:5      | Entered Level 5 of the Dungeon
  3940 | D:5      | Found a sacrificial altar of Ru.
  4209 | D:4      | Reached XP level 7. HP: 44/44 MP: 7/7
  4434 | D:5      | Reached skill level 5 in Maces & Flails
  4458 | D:5      | Noticed a yak
  4461 | D:5      | Noticed a yak
  4461 | D:5      | Noticed a yak
  4468 | D:5      | Killed a yak
  4469 | D:5      | Reached skill level 5 in Armour
  4475 | D:5      | Killed a yak
  4476 | D:5      | Reached skill level 6 in Fighting
  4476 | D:5      | Reached XP level 8. HP: 50/51 MP: 8/8
  4477 | D:5      | Reached *** piety under Trog
  4487 | D:6      | Slain by a yak

Illustrated notes

Levels and vault maps discovered:
D:1:      dpeg_arrival_simpleton_c, layout_loops_ring,
          dreamdust_ecumenical_altar_angels_and_demons, dk_noncrumbling_4
D:2:      layout_rooms, dk_vineyard_1, minmay_puff, uniq_natasha, uniq_terence
D:3:      layout_basic, lemuel_doored_altar, kennysheep_minor_cross
D:4:      layout_loops_ring, lemuel_crystal_altar, minmay_temple_entry_hall,
          serial_park_tiny_1
D:5:      layout_basic, nicolae_ru_great_annihilating_truth, serial_shops, shop
D:6:      layout_gridville, mainiacjoe_overflow_large_starburst,
          minmay_splitting_lines, uniq_crazy_yiuf_cottage

Skill      XL: |  1  2  3  4  5  6  7  8 |
---------------+-------------------------+-----
Fighting       | 4 5 6 |  6.1
Armour         | 3 4 5 |  5.5
Dodging        | 2 3 |  3.0
Maces & Flails | 4 5 |  5.6

Action                   |  1- 3 |  4- 6 |  7- 9 || total
-------------------------+-------+-------+-------++-------
Melee: Mace              |    74 |   121 |       ||   195
       Morningstar       |       |    63 |    23 ||    86
Invok: Berserk           |     1 |     6 |     1 ||     8
       Trog's Hand       |       |       |     1 ||     1
 Stab: Sleeping          |     1 |     1 |       ||     2
       Paralysed         |       |     1 |       ||     1
Armor: Animal skin       |    31 |    34 |       ||    65
       Scale mail        |       |    35 |       ||    35
       Ring mail         |       |    37 |    30 ||    67
Dodge: Dodged            |    46 |   128 |    19 ||   193
